Map: Eastwatch LE

Players

CinDra

  • Race: Zerg Zerg
  • League: Silver
  • Spawn Location: 1:00

Psylent - Winner!

  • Race: Terran Terran
  • League: Gold
  • Spawn Location: 7:00

VOD

Have the link to the VOD?

Description

Time

  • Played on: Feb. 23, 2018, 10:42 a.m.
  • Length: 31:59
Show
View Real Time Build Order
Export as new Build Order

CinDra Zerg 

Build Orders: Hatch First 

Get SALT Encoding   

  12  0:01  Drone  
  13  0:12  Overlord  
  13  0:21  Drone  
  14  0:31  Drone x2  
  16  0:36  Drone  
  17  0:45  Drone  
  18  1:01  Hatchery, Drone  
  18  1:09  Drone  
  19  1:20  Drone  
  19  1:24  Spawning Pool  
  19  1:28  Drone  
  20  1:33  Extractor  
  20  1:39  Drone  
  20  1:51  Drone  
  21  2:00  Drone  
  22  2:13  Zergling x2  
  22  2:15  Zergling x2  
  24  2:16  Queen x2  
  24  2:21  Overlord  
  28  2:40  Zergling x2, Drone  
  28  2:42  Drone  
  31  2:45  Overlord  
  31  2:48  Drone  
  32  2:51  Metabolic Boost  
  32  3:02  Drone x2  
  34  3:12  Zergling x4  
  36  3:14  Baneling Nest  
  35  3:27  Zergling x6, Drone  
  36  3:28  Drone x2  
  36  3:29  Overlord  
  36  3:30  Zergling x2  
  42  3:37  Pneumatized Carapace  
  42  3:38  Queen  
  41  3:58  Drone x5  
  41  3:59  Drone  
  45  4:14  Zergling x2  
  45  4:15  Zergling x10  
  49  4:26  Lair  
  49  4:29  Zergling x2, Overlord  
  47  4:52  Baneling x3  
  46  4:58  Drone  
  46  4:59  Drone x5  
  52  5:02  Extractor  
  51  5:11  Zergling x6  
  54  5:23  Extractor  
  54  5:25  Extractor  
  52  5:31  Zergling x8  
  52  5:32  Zergling x6  
  58  5:47  Centrifical Hooks  
  58  5:49  Zergling x2  
  59  6:13  Hydralisk Den  
  58  6:22  Drone  
  58  6:25  Overlord x4  
  59  6:31  Baneling x4  
  59  6:45  Drone x3  
  59  6:46  Drone x3  
  65  6:52  Muscular Augments, Hydralisk x2  
  65  6:54  Evolution Chamber  
  68  6:57  Evolution Chamber  
  67  7:22  Hydralisk x3  
  67  7:23  Hydralisk x3  
  67  7:27  Drone x2  
  67  7:28  Drone  
  67  7:29  Hydralisk x3  
  86  7:33  Overlord x2  
  88  7:54  Hatchery  
  87  8:01  Overseer x4  
  87  8:03  Grooved Spines  
  87  8:21  Hydralisk x4  
  87  8:22  Hydralisk  
  97  8:37  Zergling x4, Hydralisk x2  
  97  8:38  Zergling x2, Hydralisk  
  106  9:00  Overlord x2  
  106  9:01  Overlord x2  
  95  9:28  Hydralisk  
  95  9:29  Hydralisk x11  
  119  9:53  Drone x8  
  127  10:05  Zergling x2  
  128  10:23  Drone x2  
  128  10:26  Overlord x3  
  128  10:27  Extractor  
  129  10:28  Extractor  
  129  10:29  Drone x2  
  130  10:44  Drone  
  130  10:45  Hydralisk x2, Drone x3  
  130  10:46  Overlord x3, Hydralisk  
  140  10:56  Zerg Missile Weapons Level 1, Zerg Ground Armor Level 1  
  140  11:10  Hydralisk x5  
  140  11:11  Hydralisk  
  150  11:12  Hydralisk  
  150  11:13  Hydralisk x3  
  160  11:32  Hydralisk x2  
  160  11:33  Hydralisk x7  
  160  11:34  Overlord  
  168  12:39  Hydralisk  
  168  12:40  Hydralisk x8  
  128  12:52  Hydralisk x2  
  128  12:53  Hydralisk  
  130  13:02  Zerg Ground Armor Level 2, Zerg Missile Weapons Level 2  
  130  13:07  Infestation Pit  
  130  13:09  Hydralisk  
  130  13:10  Hydralisk x2  
  135  13:45  Hydralisk  
  135  13:46  Hydralisk x6  
  135  13:47  Overlord x3, Hydralisk x5  
  159  14:00  Overseer  
  159  14:04  Overseer  
  159  14:13  Hydralisk  
  159  14:14  Hydralisk x5  
  159  14:15  Overlord  
  171  14:19  Hatchery  
  170  14:24  Hive  
  170  14:30  Queen  
  172  14:34  Hydralisk x9  
  172  14:35  Hydralisk x2  
  194  15:31  Hydralisk  
  194  15:32  Hydralisk x2  
  200  15:49  Zerg Ground Armor Level 3, Zerg Missile Weapons Level 3  
  200  15:52  Adrenal Glands  
  200  16:21  Extractor  
  200  16:22  Extractor  
  198  16:34  Hydralisk  
  150  17:03  Hydralisk x11  
  150  17:04  Hydralisk x12  
  150  17:07  Overlord  
  186  17:42  Ultralisk Cavern  
  185  17:53  Hydralisk x4  
  185  17:54  Hydralisk x3  
  185  17:56  Zergling x2  
  200  17:59  Overseer  
  200  18:00  Overseer  
  200  20:19  Chitinous Plating  
  192  20:55  Hatchery  
  181  21:00  Overlord x2  
  181  21:01  Overlord  
  143  21:16  Ultralisk  
  143  21:17  Ultralisk x12  
  143  21:18  Ultralisk  
  179  21:19  Hydralisk x13  
  179  21:20  Hydralisk x2  
  199  21:36  Extractor  
  199  21:37  Extractor  
  197  22:01  Zerg Melee Weapons Level 1  
  197  22:05  Hydralisk  
  197  22:06  Zergling x2  
  200  22:13  Overseer x3  
  151  23:17  Ultralisk  
  151  23:18  Ultralisk x6  
  177  23:40  Overlord x2  
  177  23:41  Overlord  
  165  23:42  Ultralisk x2  
  151  24:08  Ultralisk x2  
  151  24:09  Zergling x2  
  138  24:10  Zergling x26  
  138  24:11  Zergling x38  
  160  24:26  Ultralisk  
  166  24:32  Zerg Melee Weapons Level 2  
  166  24:42  Hatchery  
  165  24:51  Ultralisk  
  171  24:53  Zergling x24  
  171  24:54  Zergling x28  
  197  25:07  Overseer  
  197  25:11  Overseer  
  197  25:45  Extractor  
  197  25:47  Extractor  
  197  25:48  Baneling x4  
  197  25:49  Baneling x22  
  195  25:50  Baneling x3  
  133  26:54  Ultralisk  
  133  26:55  Ultralisk x3  
  93  27:11  Spire  
  80  27:18  Ultralisk  
  80  27:22  Zergling x14  
  91  27:23  Zergling x60  
  91  27:24  Zergling x10  
  126  27:38  Ultralisk  
  132  28:36  Ultralisk  
  132  28:37  Ultralisk  
  132  28:38  Mutalisk x4  
  132  28:39  Mutalisk x3  
  158  28:58  Zerg Flyer Weapons Level 1  
  158  29:02  Mutalisk x3  
  164  29:15  Drone x2  
  164  29:16  Drone x2  
  168  29:21  Mutalisk  
  168  29:22  Mutalisk x2  
  168  29:23  Mutalisk  
  163  29:53  Mutalisk x2  
  163  29:54  Mutalisk x3  
  148  30:27  Zergling x26  
  148  30:28  Zergling x40  
  163  31:05  Mutalisk  
  163  31:06  Mutalisk x8  
Show
View Real Time Build Order
Export as new Build Order

Psylent Terran - Winner!

Build Orders:  

Get SALT Encoding   

  12  0:01  SCV  
  13  0:13  SCV  
  14  0:18  Supply Depot  
  14  0:25  SCV  
  15  0:31  Refinery  
  15  0:42  Barracks  
  15  0:46  SCV  
  16  0:58  SCV  
  17  1:04  Supply Depot  
  17  1:12  SCV  
  18  1:25  SCV  
  19  1:33  Factory  
  19  1:35  Marine  
  20  1:46  Orbital Command  
  20  1:59  Barracks Reactor  
  20  2:14  SCV  
  21  2:19  Hellion  
  23  2:23  Supply Depot  
  23  2:26  SCV  
  24  2:45  SCV  
  24  2:49  Command Center  
  25  2:54  Hellion x2  
  25  2:58  SCV  
  30  3:10  SCV  
  31  3:16  Widow Mine x2  
  35  3:22  SCV  
  35  3:23  Refinery  
  36  3:27  Armory  
  36  3:37  Hellion  
  38  3:59  Supply Depot  
  38  4:01  Hellion  
  40  4:20  Cyclone  
  40  4:21  Orbital Command  
  40  4:22  Cyclone  
  46  4:28  Command Center  
  46  4:31  Supply Depot  
  38  4:59  Hellion x2  
  42  5:05  SCV x2  
  44  5:10  Engineering Bay  
  44  5:14  Starport  
  44  5:16  Terran Vehicle And Ship Armor Level 1  
  44  5:17  SCV x2  
  46  5:23  Supply Depot  
  46  5:29  SCV  
  45  6:04  Orbital Command  
  45  6:07  SCV  
  46  6:11  Command Center  
  46  6:14  Supply Depot  
  46  6:19  SCV  
  46  6:20  Barracks Tech Lab  
  46  6:24  Factory Tech Lab, Factory  
  47  6:26  Medivac x2  
  51  6:34  SCV x2  
  51  6:37  Planetary Fortress  
  51  6:39  Liberator  
  53  6:46  SCV x2  
  58  7:05  Supply Depot  
  58  7:07  Missile Turret  
  58  7:10  Refinery x2  
  58  7:11  SCV x2  
  60  7:23  SCV x2  
  60  7:24  SCV  
  63  7:30  Orbital Command  
  63  7:34  Siege Tank  
  63  7:35  SCV x2  
  68  7:37  Infernal Pre-Igniter  
  68  7:44  Hellion  
  70  7:52  Missile Turret  
  70  7:53  Missile Turret  
  70  7:57  Refinery  
  70  7:59  Refinery  
  70  8:01  SCV x2  
  70  8:02  SCV x2  
  74  8:06  Missile Turret  
  74  8:09  Thor  
  80  8:30  Siege Tank  
  80  8:32  Medivac x2  
  84  8:43  Command Center  
  84  8:46  SCV  
  84  8:47  SCV x3  
  88  8:58  SCV  
  88  8:59  SCV x3  
  88  9:01  Building Armor  
  92  9:04  Terran Vehicle Weapons Level 1  
  92  9:08  Armory  
  92  9:10  Supply Depot  
  92  9:11  SCV, Supply Depot  
  92  9:12  Missile Turret  
  93  9:17  Viking x2  
  93  9:20  Missile Turret  
  81  9:53  Command Center  
  81  9:58  Siege Tank  
  84  10:00  Siege Tank  
  87  10:16  Planetary Fortress  
  87  10:19  SCV x2  
  89  10:38  Thor x2  
  101  10:45  Barracks Reactor  
  101  10:47  Factory  
  101  10:52  Viking x2  
  105  11:12  Missile Turret  
  105  11:14  Missile Turret  
  105  11:16  Refinery  
  105  11:17  SCV  
  106  11:18  Refinery  
  106  11:29  SCV x2  
  106  11:30  SCV x2  
  110  11:42  Drilling Claws  
  110  11:44  Smart Servos  
  110  11:52  Siege Tank x2  
  110  11:54  SCV, Hellion x2  
  120  11:55  SCV x2  
  80  13:18  Orbital Command  
  80  13:26  Siege Tank x2  
  86  13:27  Hellion x2  
  90  13:35  Hi-Sec Auto Tracking, Command Center  
  90  13:37  Terran Vehicle Weapons Level 2  
  90  13:38  Terran Vehicle And Ship Armor Level 2  
  90  13:40  Supply Depot  
  90  13:41  Supply Depot  
  90  13:47  SCV x3  
  90  13:48  SCV  
  94  13:59  SCV x3  
  94  14:00  SCV  
  98  14:11  SCV x2  
  98  14:12  SCV  
  101  14:28  Thor x2  
  101  14:29  Hellion x2  
  117  14:38  Supply Depot  
  117  14:39  Supply Depot  
  117  14:40  Supply Depot  
  117  14:46  Refinery  
  117  14:47  Refinery  
  117  14:48  SCV x5  
  122  15:00  SCV  
  123  15:08  Missile Turret  
  123  15:09  Command Center  
  123  15:12  Siege Tank x2  
  123  15:14  Hellion x2  
  133  15:38  Supply Depot  
  133  15:40  SCV x4  
  137  15:45  Viking x2  
  141  15:52  SCV x4  
  145  16:07  Missile Turret  
  145  16:09  Planetary Fortress  
  145  16:11  SCV x2  
  145  16:12  SCV x2  
  149  16:21  Planetary Fortress  
  149  16:22  Refinery  
  149  16:23  SCV  
  150  16:27  Refinery  
  138  17:19  Command Center  
  138  17:25  Missile Turret  
  138  17:27  Missile Turret  
  138  17:33  Terran Ship Weapons Level 1  
  138  17:34  Terran Vehicle Weapons Level 3  
  138  17:38  Siege Tank x2  
  138  17:39  Hellion x2  
  138  17:43  SCV x5  
  153  17:57  SCV x3  
  153  17:58  SCV x2  
  158  18:03  Widow Mine  
  158  18:04  Widow Mine  
  162  18:09  SCV x2  
  162  18:10  SCV, Thor x2  
  177  18:31  SCV x2  
  177  18:32  SCV x2  
  177  18:33  Planetary Fortress  
  181  18:40  Missile Turret  
  181  18:52  Barracks  
  173  19:27  SCV x2  
  175  19:40  Siege Tank x2  
  175  19:42  Hellion x2  
  182  20:04  Hellion x2  
  184  20:12  Thor x2  
  196  20:17  Factory  
  196  20:18  Factory  
  196  20:25  Hellion  
  196  20:26  Command Center  
  198  20:30  Hellion  
  200  20:39  Starport  
  200  20:41  Starport, Factory  
  200  20:42  Factory  
  200  20:49  Command Center  
  200  20:53  Command Center  
  180  21:25  Command Center  
  180  21:34  Factory Tech Lab  
  180  21:35  Factory Tech Lab  
  180  21:36  Starport Reactor, Starport Tech Lab  
  180  21:42  Factory Tech Lab x2  
  180  21:45  Planetary Fortress  
  180  21:47  Missile Turret  
  180  21:52  Missile Turret  
  180  22:10  Missile Turret  
  180  22:25  Missile Turret  
  180  23:11  Liberator x4  
  165  23:18  Thor x3  
  165  23:19  Thor  
  151  23:22  Widow Mine x3  
  151  23:27  Raven  
  156  23:43  Widow Mine  
  156  23:44  Widow Mine  
  132  24:24  Factory Tech Lab  
  132  24:26  Planetary Fortress  
  132  24:30  Refinery, Planetary Fortress  
  132  24:32  Refinery  
  132  24:43  Command Center  
  132  24:51  Command Center  
  132  24:58  Thor x3  
  132  24:59  Thor x2  
  162  25:01  Widow Mine x2  
  166  25:11  Fusion Core  
  166  25:12  Terran Ship Weapons Level 2, Terran Vehicle And Ship Armor Level 3  
  166  25:21  SCV x2  
  166  25:22  SCV x6, Widow Mine x2  
  166  25:23  Missile Turret  
  178  25:48  Missile Turret  
  178  26:01  Thor x2  
  178  26:02  Thor  
  196  26:14  Factory Tech Lab  
  196  26:17  Planetary Fortress  
  196  26:21  Missile Turret  
  196  26:26  Missile Turret  
  163  26:47  Missile Turret  
  94  27:27  SCV x3  
  94  27:28  Planetary Fortress  
  97  27:32  Missile Turret  
  97  27:34  Orbital Command  
  97  27:42  SCV x2, Liberator x4, Refinery  
  97  27:43  SCV x3, Liberator  
  102  27:45  Siege Tank x5  
  102  27:48  Hellion x2  
  121  27:57  Advanced Ballistics  
  121  28:04  SCV x3, Refinery  
  121  28:05  SCV x4  
  143  28:06  Refinery  
  143  28:11  Command Center  
  143  28:31  SCV, Refinery  
  143  28:32  SCV x4  
  143  28:33  SCV  
  149  28:37  Refinery  
  149  28:42  Terran Ship Weapons Level 3  
  149  28:53  SCV  
  149  28:54  SCV x5  
  149  28:55  SCV  
  156  29:03  Siege Tank  
  156  29:04  Thor x2, Siege Tank x2  
  156  29:06  Hellion x2  
  181  29:27  Hellion, Orbital Command  
  181  29:28  Hellion  
  185  29:34  SCV x3, Refinery  
  178  30:15  Siege Tank x2  
  178  30:16  Siege Tank  
  178  30:17  Hellion x3, Thor  
Tags
 
Matchup
TvZ
Spawn Locations
Cross Positions
Add a new tag
Caveats
  • Supply blocks, unpowered buildings, or Contaminate may cause inaccurate times.
  • Supply counts are checked every 10 seconds.